 Dungeon Crawl Stone Soup version 0.26.1-2-gb8aa6d0cf2 (webtiles) character file.

Game seed: 5227464767307301639

665 windgrace the Skirmisher (level 7, -2/51 HPs)
             Began as an Octopode Monk on Feb 14, 2021.
             Slain by a scorpion (9 damage)
             ... on level 4 of the Dungeon.
             The game lasted 00:15:14 (3417 turns).

windgrace the Skirmisher (Octopode Monk)            Turns: 3417, Time: 00:15:15

Health: -2/51      AC:  1    Str: 11    XL:     7   Next: 57%
Magic:  7/7        EV: 16    Int: 13    God:
Gold:   145        SH:  5    Dex: 15    Spells: 6/6 levels left

rFire    . . .     SeeInvis .   a - +0 falchion
rCold    . . .     Faith    .   (no shield)
rNeg     . . .     Spirit   .   (helmet restricted)
rPois    .         Reflect  +   f - amulet of reflection
rElec    .         Harm     .   (no ring)
rCorr    .         Rampage  .   (no ring)
Will     .....                  (no ring)
Stlth    +++.......             (no ring)
HPRegen  0.17/turn              (no ring)
MPRegen  0.10/turn              (no ring)
                                (no ring)
                                (no ring)

@: lethally poisoned (-2 -> -8)
A: almost no armour, stealthy swim, amphibious, 8 rings, constrict 8, camouflage
1, gelatinous body 1
a: no special abilities


You were on level 4 of the Dungeon.
You visited 1 branch of the dungeon, and saw 4 of its levels.

You collected 145 gold pieces.

Inventory:

Hand Weapons
 a - a +0 falchion (weapon)
 g - a -3 dagger
 i - a +0 falchion of pain
Missiles
 j - 8 poisoned darts (quivered)
Jewellery
 f - an amulet of reflection (around mantle)
 n - an uncursed amulet of the acrobat
Scrolls
 b - 4 scrolls of remove curse
 e - 4 scrolls of identify {unknown}
 h - a scroll of enchant weapon {unknown}
 l - a scroll of fear {unknown}
 m - a scroll of magic mapping {unknown}
 o - a scroll of enchant armour {unknown}
 p - a scroll of fog {unknown}
Potions
 k - a potion of attraction


   Skills:
 + Level 5.9 Fighting
 - Level 5.0 Long Blades
 - Level 2.0 Throwing
 - Level 5.0 Dodging
 - Level 3.0 Stealth


You had 6 spell levels left.
You didn't know any spells.
Your spell library was empty.

Dungeon Overview and Level Annotations

Branches:
Dungeon (4/15)
 Temple: D:4-7

Altars:
Cheibriados
Trog


Innate Abilities, Weirdness & Mutations

You cannot wear most types of armour.
You are very stealthy in the water. (Stealth+)
You are amphibious.
You can wear up to eight rings at the same time.
You can use your tentacles to constrict eight enemies at once.
Your skin changes colour to match your surroundings (Stealth+).
Your rubbery body absorbs attacks. (AC +1, EV +1)


Message History

You feel sick. The worker ant bites you. The worker ant bites you!
* * * LOW HITPOINT WARNING * * *
You hit the worker ant but do no damage.
You squeeze the worker ant.
You kill the worker ant!
You feel sick.
You hit the scorpion. You grab the scorpion.
The scorpion is heavily wounded.
You constrict the scorpion, but do no damage.
You feel sick. You block the scorpion's attack.
You hit the scorpion but do no damage.
The scorpion is heavily wounded.
You constrict the scorpion.
You feel sick. You block the scorpion's attack.
You hit the scorpion.
The scorpion is heavily wounded.
You constrict the scorpion. The scorpion barely misses you.
You barely miss the scorpion. You squeeze the scorpion.
The scorpion is severely wounded.
You constrict the scorpion.
You feel sick. The scorpion stings you!
You die...

. . . .. #.
...##.###
....#.## ..
#.....##....
#........#
#.#@# #.#s#
#. #.#.# #..
#...####...
##...#.....
#.........
##.........
#.<....#...
##..........


You could see a scorpion.

Vanquished Creatures
  Sigmund (D:2)
  Eustachio (D:4)
  A black bear (D:3)
  The ghost of windgrace the Chiller, an amateur DsIE (D:3)
  Terence (D:2)
  A worker ant (D:4)
  Robin (D:2)
  6 adders
  A shadow imp (D:4)
  2 worms
  3 dart slugs
  5 leopard geckos
  An orc (D:3)
  4 giant cockroaches
  18 goblins
  6 hobgoblins
  A ball python (D:1)
  3 bats
  4 frilled lizards
  12 kobolds
  5 rats
78 creatures vanquished.

Notes
Turn   | Place    | Note
-------+----------+-------------------------------------------
     0 | D:1      | windgrace the Octopode Monk began the quest for the Orb.
     0 | D:1      | Reached XP level 1. HP: 16/16 MP: 1/1
   235 | D:1      | Reached XP level 2. HP: 21/21 MP: 2/2
   559 | D:1      | Reached XP level 3. HP: 24/27 MP: 3/3
   975 | D:2      | Noticed Robin
  1003 | D:2      | Reached XP level 4. HP: 17/33 MP: 4/4
  1247 | D:2      | Noticed Sigmund
  1295 | D:2      | Noticed Terence
  1308 | D:2      | Killed Terence
  1552 | D:2      | Killed Robin
  1555 | D:2      | Reached XP level 5. HP: 18/38 MP: 5/5
  1945 | D:2      | Killed Sigmund
  1946 | D:2      | Reached skill level 5 in Fighting
  1946 | D:2      | Reached XP level 6. HP: 45/45 MP: 6/6
  2174 | D:3      | Reached skill level 5 in Dodging
  2195 | D:3      | Found a snail-covered altar of Cheibriados.
  2551 | D:3      | Noticed a black bear
  2560 | D:3      | Killed a black bear
  2798 | D:3      | Found a large runed translucent door.
  2799 | D:3      | Found a large runed translucent door.
  2801 | D:3      | Noticed windgrace's ghost (amateur DsIE)
  3066 | D:3      | Killed windgrace's ghost
  3067 | D:3      | Reached XP level 7. HP: 15/50 MP: 7/7
  3353 | D:4      | Noticed Eustachio
  3366 | D:4      | Killed Eustachio
  3367 | D:4      | Reached skill level 5 in Long Blades
  3380 | D:4      | Found a bloodstained altar of Trog.
  3398 | D:4      | HP: 1/51 [worker ant (8)]
  3417 | D:4      | Slain by a scorpion

Illustrated notes

Levels and vault maps discovered:
D:1:      sevenhm_arrival_forest_fort_small_5, layout_basic,
          minmay_strange_pillars, minmay_octomino_e4
D:2:      layout_rooms, uniq_terence, uniq_robin, uniq_sigmund
D:3:      layout_basic, old_standard_altar, ebering_ghost_disaster_area
D:4:      cheibrodos_old_hovel, layout_rooms, grunt_temple_overflow_opulence,
          trog_butcher_becter, uniq_eustachio

Skill      XL: |  1  2  3  4  5  6  7 |
---------------+----------------------+-----
Fighting       | 4 5 |  5.9
Stealth        | 3 |  3.0
Dodging        | 4 5 |  5.0
Throwing       | 2 |  2.0
Long Blades    | 4 5 |  5.0

Action                   |  1- 3 |  4- 6 |  7- 9 || total
-------------------------+-------+-------+-------++-------
Melee: Falchion          |    60 |   108 |    28 ||   196
       Constrict         |    21 |    24 |     8 ||    53
       Tentacles         |    13 |    19 |     5 ||    37
Throw: Dart              |       |    12 |       ||    12
  Use: Scroll            |     1 |       |       ||     1
       Potion            |     2 |     7 |     2 ||    11
 Stab: Sleeping          |     9 |     2 |       ||    11
       Distracted        |       |     1 |       ||     1
Armor: Skin              |     5 |    11 |     2 ||    18
Dodge: Dodged            |    37 |    58 |    29 ||   124
Block: Other             |     8 |    26 |     6 ||    40
       Reflection        |     1 |     3 |       ||     4
       Rpst.: Falchion   |    13 |    14 |     2 ||    29
